 Dungeon Crawl Stone Soup version 0.31-a0-1165-g196b491b36 (webtiles) character file.

Game seed: 16990063876706828525

62 AstroCodex24 the Shield-Bearer (level 3, -1/31 HPs)
             Began as a Demigod Fighter on Dec 9, 2023.
             Killed from afar by Ijyb (3 damage)
             ... with a puff of flame
             ... on level 4 of the Dungeon.
             The game lasted 00:03:22 (686 turns).

AstroCodex24 the Shield-Bearer (Demigod Fighter)     Turns: 686, Time: 00:03:22

Health: -1/31      AC: 10    Str: 21    XL:     3   Next: 60%
Magic:  5/5        EV:  9    Int: 10    God:
Gold:   79         SH:  4    Dex: 13    Spells: 2/2 levels left

rFire   . . .        a - +0 war axe
rCold   . . .        c - +0 buckler
rNeg    . . .        b - +0 scale mail
rPois   .            (no helmet)
rElec   .            (no cloak)
rCorr   .            (no gloves)
SInv    .            (no boots)
Will    .....        (no amulet) Stlth
                     i - +4 ring of protection
HPRegen 0.25/turn    (no ring)
MPRegen 0.09/turn

%: no passive effects
@: no status effects
A: high MP 1, forlorn, divine attributes
a: no special abilities


You were on level 4 of the Dungeon.
You visited 1 branch of the dungeon, and saw 4 of its levels.

You collected 79 gold pieces.

Inventory:

Hand Weapons
 a - a +0 war axe (weapon)
Armour
 b - a +0 scale mail (worn)
 c - a +0 buckler (worn)
Jewellery
 i - a +4 ring of protection (left hand)
 j - an amulet of reflection
Scrolls
 e - 2 scrolls of identify {unknown}
 h - a scroll of amnesia {unknown}
 l - a scroll of noise {unknown}
 m - a scroll of fog {unknown}
 n - 3 scrolls of poison {unknown}
Potions
 d - 2 potions of might
 f - a potion of degeneration {unknown}
 g - 2 potions of curing {unknown}
 k - a potion of heal wounds {unknown}


   Skills:
 + Level 3.1 Fighting
 + Level 2.6 Axes
 + Level 3.0 Armour
 + Level 0.3 Dodging
 + Level 3.1 Shields


You had 2 spell levels left.
You didn't know any spells.
Your spell library was empty.

Dungeon Overview and Level Annotations

Branches:
Dungeon (4/15)
 Temple: D:4-7

Annotations:
D:4 Ijyb, Robin


Innate Abilities, Weirdness & Mutations

You have an increased reservoir of magic. (+10% MP)
You shall have no god before yourself.
Your divine heritage dramatically boosts your attributes as you level up.


Message History

* * * LOW HITPOINT WARNING * * *
The goblin hits you with a +0 club.
* * * LOW HITPOINT WARNING * * *
Robin throws the goblin at you!
You hit Ijyb.
Ijyb is heavily wounded.
You hit the goblin. x2; Ijyb hits you with a +0 club.
* * * LOW HITPOINT WARNING * * *
The goblin barely misses you. The goblin closely misses you.
You hit Ijyb.
Ijyb is severely wounded.
You closely miss the goblin. You hit the goblin.
You kill the goblin!
Ijyb no longer looks unusually strong.
The hobgoblin no longer looks unusually strong.
Ijyb closely misses you.
Robin hits you from afar with a +0 trident.
* * * LOW HITPOINT WARNING * * *
You block the goblin's attack. Ijyb hits you but does no damage.
Robin throws Ijyb at you!
The orc wizard casts a spell.
The orc wizard flickers and vanishes!
The goblin hits you but does no damage.
You hit Ijyb but do no damage.
Ijyb is severely wounded.
You barely miss the goblin.
The goblin no longer looks unusually strong.
Ijyb hits you but does no damage. Robin hits you but does no damage.
The goblin hits you with a +0 dagger.
* * * LOW HITPOINT WARNING * * *
You barely miss Ijyb.
Ijyb is heavily wounded.
You barely miss something. You slash the goblin!
You kill the goblin!
Ijyb screams, "Me stronger than you!" Ijyb hits you but does no damage.
Something hits you but does no damage. Robin hits you but does no damage.
You hit Ijyb.
Ijyb is severely wounded.
You miss something.
Ijyb zaps a wand.
The puff of flame hits you.
You die...

#............#
##...).......#
#...........#
#...........##
##...........#
###.........#
###.......#
###)g)###
##@## #.#


go# .o.g ...g. ....... ........ .......... You could see Ijyb, Robin, 2 orcs, a
hobgoblin and a goblin.

Vanquished Creatures
  An iguana (D:3)
  A gnoll (D:1)
  An adder (D:3)
  3 bats (D:1)
  3 endoplasms
  5 goblins
  A kobold (D:1)
  A frilled lizard (D:3)
  A rat (D:1)
17 creatures vanquished.

Notes
Turn   | Place    | Note
-------+----------+-------------------------------------------
     0 | D:1      | AstroCodex24 the Demigod Fighter began the quest for the
                  | Orb.
     0 | D:1      | Reached XP level 1. HP: 18/18 MP: 3/3
   419 | D:1      | Reached XP level 2. HP: 17/25 MP: 4/4
   546 | D:3      | Reached XP level 3. HP: 31/31 MP: 5/5
   670 | D:4      | Noticed Robin
   671 | D:4      | Noticed Ijyb
   684 | D:4      | HP: 1/31 [goblin/+0 dagger (3)]
   686 | D:4      | Killed from afar by Ijyb

Illustrated notes

Levels and vault maps discovered:
D:1:      onia_arrival_mini_spirals, layout_loops_corners, grunt_decor_fettered,
          kennysheep_minor_cross, ebering_dispersal_statue_hall,
          minmay_shallow_snake_nest
D:2:      layout_loops_corners, basic_ecumenical_altar, grunt_decor_clamped,
          minmay_hexomino_u4
D:3:      layout_rooms
D:4:      layout_cave_pods, chequers_temple_overflow_minitemple,
          minmay_temple_entry_glass, minmay_misc_feat_hallway,
          nicolae_goblin_pals

Skill      XL: |  1  2 |
---------------+-------+-----
Axes           | 2 |  2.6
Fighting       | 3 |  3.1
Shields        | 3 |  3.1
Armour         | 3 |  3.0
Dodging        | |  0.3

Action                     || total
---------------------------++-------
  Melee: War axe           ||    66
 Armour: Scale mail        ||   113
  Dodge: Dodged            ||    67
  Block: Buckler           ||    29

Table legend: (Time is in decaauts)
 A = Elapsed time spent in this place.
 B = Non-inter-level travel time spent in this place.
 C = Inter-level travel time spent in this place.
 D = Time resting spent in this place.
 E = Time spent auto-exploring this place.
 F = Levels seen in this place.
 G = Mean time per level.
                   A        B        C        D        E       F      G
               +--------+--------+--------+--------+--------+-----+--------+
         Total |    713 |    671 |     42 |      0 |      0 |   4 |  178.2 |
       Dungeon |    713 |    671 |     42 |      0 |      0 |   4 |  178.2 |
               +--------+--------+--------+--------+--------+-----+--------+

Top non-repeatable levels by time:
     D:1: 449 daAuts
     D:3: 167 daAuts
     D:4: 87 daAuts
     D:2: 8 daAuts
